Map: Eternal Empire LE

Players

LiquidMaNa (MaNa)

  • Race: Protoss Protoss
  • Spawn Location: 7:00

cure - Winner!

  • Race: Terran Terran
  • Spawn Location: 1:00

Event: StayAtHomestory Cup #1

VOD

Have the link to the VOD?

Description

Time

  • Played on: April 10, 2020, 5:57 a.m.
  • Length: 11:53

All games in this series

Show
View Real Time Build Order
Export as new Build Order

LiquidMaNa Protoss 

Build Orders: 1 Gate Expand, Blink Stalkers 

Get SALT Encoding   

  12  0:00  Probe  
  13  0:12  Probe  
  14  0:17  Pylon  
  14  0:24  Probe  
  15  0:37  Probe (Chrono Boost)  
  15  0:38  Gateway  
  16  0:47  Probe (Chrono Boost)  
  16  0:48  Assimilator  
  17  0:52  Probe (Chrono Boost)  
  18  1:03  Probe  
  19  1:15  Probe  
  20  1:25  Cybernetics Core  
  20  1:35  Nexus  
  20  1:44  Pylon  
  20  1:45  Probe  
  21  1:54  Assimilator  
  21  1:58  Probe  
  21  1:59  Adept (Chrono Boost)  
  24  2:10  Probe  
  25  2:19  Stalker (Chrono Boost)  
  27  2:24  Probe  
  28  2:36  Probe  
  29  2:42  Stalker  
  30  2:48  Probe  
  31  2:56  Probe  
  32  3:00  Warp Gate, Probe  
  33  3:08  Probe (Chrono Boost)  
  33  3:09  Twilight Council  
  34  3:14  Probe (Chrono Boost)  
  36  3:21  Probe (Chrono Boost)  
  36  3:24  Probe (Chrono Boost)  
  37  3:28  Probe (Chrono Boost)  
  37  3:29  Probe (Chrono Boost)  
  37  3:31  Robotics Facility  
  39  3:38  Probe  
  39  3:40  Probe  
  41  3:42  Gateway  
  41  3:45  Blink (Chrono Boost)  
  41  3:50  Probe  
  41  3:52  Probe, Pylon  
  43  4:02  Probe  
  44  4:04  Probe  
  44  4:06  Assimilator  
  44  4:08  Gateway  
  45  4:10  Gateway  
  45  4:12  Observer  
  45  4:17  Probe  
  47  4:25  Pylon  
  47  4:27  Probe  
  48  4:32  Warp Prism  
  48  4:36  Probe  
  51  4:39  Probe  
  51  4:40  Pylon  
  52  4:49  Stalker x2  
  52  4:50  Probe  
  55  4:58  Probe  
  55  5:02  Probe  
  55  5:10  Probe  
  55  5:13  Stalker x4  
  64  5:16  Probe  
  65  5:22  Robotics Bay  
  65  5:25  Probe  
  65  5:28  Probe  
  66  5:49  Probe x2  
  68  5:53  Nexus  
  68  5:59  Sentry  
  68  6:02  Pylon, Assimilator  
  70  6:11  Extended Thermal Lance  
  70  6:17  Robotics Facility  
  70  6:19  Colossus (Chrono Boost)  
  70  6:22  Probe x2  
  78  6:36  Pylon  
  78  6:48  Pylon  
  78  6:49  Pylon  
  80  6:54  Probe x2  
  80  6:55  Sentry  
  80  6:56  Sentry  
  84  7:06  Probe x2  
  96  7:10  Probe, Pylon, Immortal (Chrono Boost), Colossus (Chrono Boost)  
  97  7:16  Stalker  
  97  7:17  Stalker  
  97  7:18  Probe x2  
  97  7:21  Zealot x2  
  106  7:25  Probe  
  107  7:30  Probe x2  
  107  7:37  Probe  
  107  7:42  Probe x2  
  107  7:43  Zealot x4  
  116  7:50  Probe  
  109  7:54  Probe  
  109  7:55  Probe  
  108  8:02  Probe, Pylon  
  99  8:06  Probe  
  99  8:07  Probe, Zealot x2  
  97  8:14  Probe  
  97  8:18  Probe  
  97  8:19  Probe  
  90  8:23  Sentry x2  
  90  8:26  Probe  
  95  8:30  Sentry  
  95  8:31  Probe x2  
  99  8:39  Probe  
  99  8:40  Colossus (Chrono Boost)  
  100  8:43  Probe x2  
  104  8:51  Probe  
  104  8:55  Probe  
  112  8:56  Colossus (Chrono Boost)  
  112  8:57  Probe  
  113  9:03  Probe  
  113  9:07  Pylon  
  113  9:08  Probe  
  113  9:09  Probe, Pylon  
  116  9:13  Charge  
  116  9:17  Pylon  
  116  9:25  Pylon  
  116  9:26  Immortal (Chrono Boost)  
  116  9:27  Stalker  
  116  9:29  Observer  
  116  9:30  Stalker  
  116  9:31  Probe x2  
  126  9:32  Probe  
  126  9:37  Colossus (Chrono Boost)  
  133  9:47  Stalker x2  
  137  9:55  Immortal (Chrono Boost)  
  137  9:59  Stalker  
  143  10:00  Pylon  
  143  10:01  Stalker  
  143  10:06  Probe x2  
  147  10:07  Shield Battery  
  147  10:11  Stalker  
  147  10:12  Shield Battery  
  149  10:17  Assimilator  
  149  10:19  Assimilator  
  149  10:35  Pylon  
  149  10:37  Pylon  
  149  10:38  Pylon  
  149  10:40  Pylon  
  149  10:50  Forge  
  149  10:51  Forge  
  149  10:52  Colossus x2 (Chrono Boost)  
  161  10:58  Stalker x4  
  161  11:02  Pylon  
  169  11:11  Nexus  
  169  11:23  Stalker x4  
Show
View Real Time Build Order
Export as new Build Order

cure Terran - Winner!

Build Orders: Reaper Expand 

Get SALT Encoding   

  12  0:00  SCV  
  13  0:13  SCV  
  14  0:17  Supply Depot  
  14  0:25  SCV  
  15  0:38  SCV  
  15  0:39  Barracks  
  16  0:43  Refinery  
  16  0:50  SCV  
  17  1:03  SCV  
  18  1:15  SCV  
  19  1:27  Orbital Command, Reaper  
  20  1:45  Command Center  
  20  1:54  SCV  
  21  1:56  Supply Depot  
  21  1:58  Marine  
  22  2:06  SCV  
  23  2:10  Factory  
  23  2:18  SCV  
  23  2:20  Barracks Reactor  
  24  2:23  Bunker  
  24  2:30  SCV  
  24  2:35  Refinery  
  25  2:42  SCV  
  26  2:54  SCV  
  26  2:57  Orbital Command  
  27  2:59  Marine x2  
  27  3:00  Starport  
  27  3:03  Hellion  
  31  3:06  SCV  
  32  3:17  Marine x2  
  32  3:18  SCV  
  35  3:24  Widow Mine  
  37  3:29  SCV  
  37  3:31  SCV  
  39  3:37  Medivac, Supply Depot  
  41  3:45  SCV, Widow Mine  
  41  3:48  SCV  
  45  3:53  Barracks  
  45  3:55  Barracks  
  45  3:59  SCV  
  45  4:00  SCV  
  45  4:01  Marine x2  
  48  4:07  Factory Tech Lab  
  48  4:08  Starport Tech Lab  
  48  4:12  SCV x2  
  48  4:13  Supply Depot  
  48  4:17  Engineering Bay  
  51  4:24  SCV x2, Marine x2  
  54  4:32  Refinery  
  54  4:34  Starport Reactor  
  54  4:36  SCV x2, Factory Reactor  
  56  4:47  Supply Depot, Terran Infantry Weapons Level 1  
  56  4:48  SCV x2  
  56  4:51  Marine x2  
  58  4:54  Marauder  
  58  4:56  Stimpack  
  58  4:58  Marauder  
  62  5:06  SCV x2  
  62  5:07  Refinery  
  62  5:09  Supply Depot  
  62  5:12  Missile Turret  
  62  5:18  SCV x2  
  62  5:20  Marauder x2  
  68  5:23  Combat Shield  
  68  5:27  Marine x2  
  70  5:33  Medivac x2  
  74  5:41  Supply Depot  
  76  5:43  Widow Mine x2  
  76  5:47  Supply Depot  
  76  5:49  Marauder  
  78  6:03  Marine x2, Marauder  
  82  6:06  Supply Depot  
  82  6:10  Supply Depot, Marauder  
  84  6:13  Medivac x2  
  84  6:14  Widow Mine x2  
  84  6:16  SCV x2  
  94  6:28  Marine x2, Marauder  
  94  6:31  Marauder  
  100  6:35  Supply Depot  
  100  6:36  Supply Depot  
  100  6:43  Widow Mine x2  
  100  6:44  Concussive Shells, Command Center  
  104  6:47  Marine x2  
  104  6:48  SCV x2  
  104  6:50  Marauder  
  110  6:55  Terran Infantry Armor Level 1  
  110  6:57  Marauder  
  110  6:59  Supply Depot  
  110  7:01  Supply Depot  
  112  7:11  Barracks x2  
  112  7:12  Marine x2  
  112  7:13  Marauder  
  116  7:16  SCV  
  116  7:17  SCV  
  116  7:18  Marauder  
  120  7:23  Medivac, Widow Mine x2  
  120  7:26  Supply Depot  
  120  7:29  SCV x2  
  128  7:37  Marauder  
  128  7:38  Marine  
  128  7:39  Marine  
  128  7:40  Marauder  
  130  7:44  SCV x2  
  128  7:55  Viking  
  128  7:56  Viking, Orbital Command  
  125  7:59  SCV x2, Armory  
  125  8:00  Engineering Bay  
  125  8:08  Marauder x2  
  125  8:11  Marine x2  
  109  8:21  Widow Mine x2  
  109  8:22  Orbital Command  
  106  8:28  Viking x2, Barracks Tech Lab  
  106  8:29  Barracks Reactor, Marauder  
  112  8:34  SCV x2  
  112  8:39  Missile Turret  
  112  8:40  Marauder  
  116  8:41  Marine x2  
  116  8:45  Widow Mine x2  
  122  8:51  Marauder  
  122  8:52  Missile Turret  
  124  8:56  Marauder  
  124  8:57  SCV x2  
  124  8:58  SCV  
  124  9:00  Terran Infantry Weapons Level 2, Terran Infantry Armor Level 2  
  124  9:02  Marauder  
  131  9:03  Viking  
  131  9:09  Refinery x2  
  133  9:15  Ghost Academy  
  133  9:16  SCV  
  133  9:17  SCV x2, Starport  
  136  9:22  Missile Turret  
  136  9:23  Marauder x3  
  142  9:24  Missile Turret  
  142  9:25  Marine x2  
  142  9:30  SCV  
  142  9:31  SCV x2  
  147  9:34  Supply Depot x2  
  147  9:36  Medivac  
  149  9:40  Medivac  
  151  9:49  Enhanced Shockwaves  
  151  9:50  Terran Ship Weapons Level 1  
  151  9:59  Viking, Command Center  
  153  10:07  Ghost  
  153  10:09  Ghost  
  157  10:16  Ghost  
  157  10:21  Marine x4  
  160  10:30  Viking x2  
  160  10:32  Viking  
  166  10:37  Supply Depot  
  166  10:38  Supply Depot  
  166  10:46  Barracks  
  166  10:47  Barracks x2  
  164  10:50  Ghost x2  
  164  10:53  Ghost  
  170  10:58  Marine x4  
  170  11:04  Viking  
  176  11:08  Viking  
  178  11:12  Viking  
  180  11:20  SCV x3  
  180  11:21  Viking  
  180  11:22  Ghost  
  187  11:26  Marauder x2  
  187  11:28  Marine  
  187  11:29  Marine x2, Refinery  
  187  11:30  Marine  
  195  11:34  Refinery  
  195  11:36  SCV x3  
  195  11:38  Barracks Reactor, Barracks Tech Lab x2  
Tags
 
Add a new tag
Caveats
  • Supply blocks, unpowered buildings, or Contaminate may cause inaccurate times.
  • Supply counts are checked every 10 seconds.